 Dungeon Crawl Stone Soup version 0.29-a0-350-g7790a0e70a (webtiles) character file.

Game seed: 4994761775838345270

130 spaghetti the Distorting Demonspawn (level 4, 0/35 HPs)
             Began as a Demonspawn Abyssal Knight on Apr 23, 2022.
             Was a Believer of Lugonu.
             Slain by an adder (4 damage)
             ... on level 3 of the Dungeon.
             The game lasted 00:05:11 (4101 turns).

spaghetti the Distorting Demonspawn (DsAK)          Turns: 4101, Time: 00:05:12

Health: 0/35       AC:  1    Str: 14    XL:     4   Next: 89%
Magic:  15/15      EV: 12    Int: 19    God:    Lugonu [**....]
Gold:   78         SH:  0    Dex: 13    Spells: 3/3 levels left

rFire   . . .      SeeInvis .   a - +1 hand axe {axe}
rCold   . . .      Faith    .   (no shield)
rNeg    . . .      Spirit   .   (no body armour)
rPois   .          Reflect  .   (no helmet)
rElec   .          Harm     .   (no cloak)
rCorr   .          Rampage  .   (no gloves)
Will    .....      Rage     1%  i - +0 pair of boots
Stlth   +.........              (no amulet)
HPRegen 0.11/turn               p - ring of magical power
MPRegen 0.14/turn               h - +6 ring of intelligence

@: confused, lethally poisoned (0 -> -5), ambrosia-drunk
A: condensation shield, berserk 1, mutation resistance 1
a: Renounce Religion, Depart the Abyss, Bend Space


You were on level 3 of the Dungeon.
You worshipped Lugonu.
Lugonu was pleased with you.
You visited 1 branch of the dungeon, and saw 3 of its levels.
You visited the Abyss 1 time.

You collected 78 gold pieces.


Innate Abilities, Weirdness & Mutations

A meltable shield of frost defends you. (SH +4)
You tend to lose your temper in combat.
You are somewhat resistant to further mutation.


   Skills:
 + Level 3.5 Fighting
 - Level 2.7 Axes
 * Level 0.5 Throwing
 + Level 2.5 Armour
 + Level 1.8 Dodging
 + Level 3.6 Invocations


You had 3 spell levels left.
You didn't know any spells.
Your spell library contained the following spells:

 Spells                   Type           Power      Damage    Failure   Level
 Animate Skeleton         Necr           0%         N/A       21%         1
 Apportation              Tloc           0%         N/A       21%         1
 Summon Small Mammal      Summ           0%         N/A       21%         1

Inventory:

Hand Weapons
 a - a +1 hand axe (weapon) {axe}
Missiles
 c - a throwing net {=f!fthrowing}
 f - 77 stones (quivered) {throwing}
 g - 2 poisoned darts {throwing}
Armour
 b - a +0 leather armour
 i - a +0 pair of boots (worn)
   (You found it on level 1 of the Dungeon)
 j - a +0 chain mail
   (You found it on level 1 of the Dungeon)
 q - a +0 plate armour
   (You found it on level 2 of the Dungeon)
Jewellery
 e - a ring of positive energy
   (You found it on level 1 of the Dungeon)
 h - a +6 ring of intelligence (right hand)
   (You found it on level 3 of the Dungeon)
 p - a ring of magical power (left hand)
   (You found it on level 2 of the Dungeon)
Scrolls
 d - a scroll of blinking {unknown}
 m - a scroll of vulnerability {unknown}
 o - 2 scrolls of identify {unknown}

Dungeon Overview and Level Annotations

Branches:
Dungeon (3/15)

Altars:

Shops:
D:2 (

Annotations:
D:2 1 runed translucent door, Crazy Yiuf

. #.. ..... # ..##
..... . .......... #
......... #####
..#.... .... #......
##. #oS##.. ##..
#@###.# ##...
#...#.# #....
#)#.#.# #....
#.#.#.########....
#.#............... #
###.###.##..####....
....#.....#..####
####.
.......).......# #.
...............# #.


You could see an adder and an orc.


Message History

😮 HP[+2]
You regained 2 hp, and now have 24/35 hp.
An orc is nearby!
Unknown command.
You barely miss the orc.
An orc comes into view. It is wielding a +0 trident.
The orc closely misses you.
The orc shouts!
You hit the orc.
You kill the orc!
Lugonu accepts your kill.
You hear an angry hiss. x2
An orc comes into view. It is wielding a +0 flail. 😮 HP[+1]
Things that are here:
a +0 whip {mace}; a +0 leather armour; an orc corpse The orc barely misses you.
The orc hits you with a +0 trident. 😮 HP[-1]
You take 1 damage, and now have 24/35 hp.
You barely miss the orc. You hit the orc. The orc misses you.
The orc barely misses you.
You hit the orc but do no damage. You hit the orc. The orc barely misses you.
You block the orc's attack.
You hit the orc but do no damage. You hit the orc.
The orc barely misses you. x2
An adder comes into view.
You hit the orc but do no damage. You closely miss the orc.
You block the orc's attack.
The orc hits you with a +0 trident. 😮 HP[-6]
You take 6 damage, and now have 18/35 hp.
You hit the orc. x2
You kill the orc!
Lugonu accepts your kill. The orc hits you with a +0 trident.
* * * LOW HITPOINT WARNING * * *
😨 HP[-5]
You take 5 damage, and now have 13/35 hp.
You hit the orc but do no damage. The orc hits you with a +0 trident.
* * * LOW HITPOINT WARNING * * *
The orc completely misses you. 😨 HP[-3]
You take 3 damage, and now have 10/35 hp.
You hit the orc. The orc hits you with a +0 trident.
* * * LOW HITPOINT WARNING * * *
😱 HP[-2]
You take 2 damage, and now have 8/35 hp.
You barely miss the orc. You hit the adder but do no damage.
The adder barely misses you. You block the orc's attack.
You barely miss the orc. You closely miss the adder. The adder bites you.
* * * LOW HITPOINT WARNING * * *
You are lethally poisoned!
The adder poisons you! The adder closely misses you.
The orc misses you. 😱 HP[-4]
You take 4 damage, and now have 4/35 hp.
Unknown command.
Unknown command.
Okay, then.
You are lethally poisoned (4 -> -3).
Your movement speed is average.
Your attack delay is about 1.1.
Your base attributes are Str 14, Int 13, Dex 13.
It was a potion of ambrosia.
You are confused.
You feel invigorated.
* * * LOW HITPOINT WARNING * * *
You feel sick. The adder bites you.
* * * LOW HITPOINT WARNING * * *
You are more poisoned.
The adder poisons you! The orc closely misses you. 😱 HP[-1]
You take 1 damage, and now have 3/35 hp.
Unknown command.
Unknown command.
You're too confused to move!
* * * LOW HITPOINT WARNING * * *
You feel sick. The adder barely misses you. The orc closely misses you.
The adder bites you.
* * * LOW HITPOINT WARNING * * *
😱 HP[-1]
You take 1 damage, and now have 2/35 hp.
Unknown command.
You are confused.
You are lethally poisoned (2 -> -5).
You are regenerating under the effects of ambrosia.
Your movement speed is average.
Your attack delay is about 1.1.
Your base attributes are Str 14, Int 13, Dex 13.
You bump into the rock wall.
* * * LOW HITPOINT WARNING * * *
You feel sick. The orc closely misses you.
The adder barely misses you. 😱 HP[+2]
You regained 2 hp, and now have 4/35 hp.
Unknown command.
Unknown command.
Unknown command.
You are confused.
You are lethally poisoned (4 -> -1).
You are regenerating under the effects of ambrosia.
Your movement speed is average.
Your attack delay is about 1.1.
Your base attributes are Str 14, Int 13, Dex 13.
The adder attacks as you move away! The adder bites you.
You die...

Skill      XL: |  1  2 |
---------------+-------+-----
Dodging        | 1 |  1.8
Axes           | 2 |  2.7
Armour         | 2 |  2.5
Invocations    | 3 |  3.6
Fighting       | |  3.5
Throwing       | |  0.5

Action                   |  1- 3 |  4- 6 || total
-------------------------+-------+-------++-------
Melee: Hand axe          |   114 |    91 ||   205
       Punch             |     1 |       ||     1
Throw: Dart              |     3 |       ||     3
       Stone             |       |    13 ||    13
Invok: Depart the Abyss  |     1 |       ||     1
       Bend Space        |     1 |     1 ||     2
  Use: Scroll            |     1 |     2 ||     3
       Potion            |       |     5 ||     5
Armor: Leather armour    |    10 |       ||    10
       Chain mail        |    29 |     9 ||    38
       Skin              |       |     4 ||     4
Dodge: Dodged            |    48 |    57 ||   105
Block: Other             |    10 |    14 ||    24

Levels and vault maps discovered:
D:1:      sevenhm_arrival_forest_fort_large_4, layout_loops_corners,
          shapermc_ecumenical_altar_mp_highgroup,
          chequers_serial_rivers_small_a, nicolae_figureground_sparkle
D:2:      layout_loops_ring, serial_shops, shop, uniq_crazy_yiuf_cottage,
          uniq_jessica
D:3:      layout_rooms, nemelex_diamond_rough_becter,
          mainiacjoe_overflow_tiny_flanked, ebering_dispersal_statue_hall,
          hangedman_glass_teeth, serial_park_tiny_1, kennysheep_big_empty_room,
          minmay_misc_feat_hallway, uniq_terence

Notes
Turn   | Place    | Note
-------+----------+-------------------------------------------
     0 | Abyss:1  | spaghetti the Demonspawn Abyssal Knight began the quest for
                  | the Orb.
     0 | Abyss:1  | Reached XP level 1. HP: 18/18 MP: 2/2
     0 | Abyss:1  | magus.rc [v1.9.6]
    10 | Abyss:1  | Found a corrupted altar of Lugonu.
   136 | D:1      | You pass through the gate.
   136 | D:1      | Escaped the Abyss
   242 | D:1      | Reached skill level 1 in Dodging
   260 | D:1      | Reached skill level 2 in Axes
   384 | D:1      | Gained mutation: A meltable shield of frost defends you.
                  | (SH +4) [demonic ancestry]
   384 | D:1      | Reached XP level 2. HP: 22/24 MP: 3/3
   430 | D:1      | HP: 6/24 [kobold/+0 club (1)]
   694 | D:1      | Found a faded altar of an unknown god.
   702 | D:1      | Reached skill level 2 in Armour
   791 | D:1      | Reached ** piety under Lugonu
  1275 | D:1      | Reached skill level 3 in Invocations
  1377 | D:1      | Reached XP level 3. HP: 29/29 MP: 5/5
  1760 | D:2      | Found a runed translucent door.
  1761 | D:2      | Noticed Crazy Yiuf
  1937 | D:2      | Noticed Jessica
  1954 | D:2      | Killed Jessica
  1956 | D:2      | Reached XP level 4. HP: 14/35 MP: 6/6
  2207 | D:2      | You pick up a book of Cantrips and begin reading...
  2207 | D:2      | You add the spells Animate Skeleton, Summon Small Mammal
                  | and Apportation to your library.
  2734 | D:2      | Found Conuatoa's Weapon Emporium.
  2752 | D:2      | Gained mutation: You tend to lose your temper in combat.
                  | [potion of mutation]
  2752 | D:2      | Gained mutation: You are somewhat resistant to further
                  | mutation. [potion of mutation]
  2755 | D:2      | HP: 8/35 [poisoned by an adder]
  2759 | D:2      | HP: 3/35 [poisoned by an adder]
  3359 | D:2      | HP: 8/35 [poisoned by an adder]
  3362 | D:2      | HP: 3/35 [poisoned by an adder]
  3364 | D:2      | HP: 1/35 [adder (1)]
  4001 | D:3      | Noticed Terence
  4014 | D:3      | Killed Terence
  4095 | D:3      | HP: 8/35 [orc/+0 trident (2)]
  4098 | D:3      | HP: 3/35 [adder (2)]
  4101 | D:3      | Slain by an adder

Vanquished Creatures
  Jessica (D:2)
  Terence (D:3)
  2 adders (D:2)
  2 worms (D:2)
  A dart slug (D:1)
  2 orcs (D:3)
  5 endoplasms
  A giant cockroach (D:1)
  4 goblins (D:1)
  5 hobgoblins
  5 kobolds
  6 quokkas
  5 ball pythons
  2 bats (D:2)
  9 rats
51 creatures vanquished.

Table legend:
 A = Non-vault XP
 B = Vault XP
 C = Vault XP percentage of total XP
 D = Non-vault monster count
 E = Vault monster count
 F = Vault count percentage of total count
                 A         B        C        D         E       F
            +---------+---------+-------+---------+---------+-------
      Total |     113 |      73 |  39.2 |      49 |       2 |   3.9
            +---------+---------+-------+---------+---------+-------
        D:1 |      49 |       0 |   0.0 |      28 |       0 |   0.0
        D:2 |      55 |      37 |  40.2 |      17 |       1 |   5.6
        D:3 |       9 |      36 |  80.0 |       4 |       1 |  20.0
            +---------+---------+-------+---------+---------+-------

Illustrated notes

Table legend:
 A = Kills in this place as a percentage of kills in entire the game.
 B = Kills by you in this place as a percentage of kills by you in the entire game.
 C = Kills by friends in this place as a percentage of kills by friends in the entire game.
 D = Other kills in this place as a percentage of other kills in the entire game.
 E = Experience gained in this place as a percentage of experience gained in the entire game.
 F = Experience gained in this place divided by the number of levels of this place that you have seen.
                   A       B       C       D       E      F
               +-------+-------+-------+-------+-------+----------------------
         Total | 100.0 | 100.0 |   N/A |   N/A | 100.0 |  46.5
       Dungeon | 100.0 | 100.0 |   N/A |   N/A | 100.0 |  62.0
               +-------+-------+-------+-------+-------+----------------------

Table legend: (Time is in decaauts)
 A = Elapsed time spent in this place.
 B = Non-inter-level travel time spent in this place.
 C = Inter-level travel time spent in this place.
 D = Time resting spent in this place.
 E = Time spent auto-exploring this place.
 F = Levels seen in this place.
 G = Mean time per level.
                   A        B        C        D        E       F      G
               +--------+--------+--------+--------+--------+-----+--------+
         Total |   4146 |   4124 |     22 |    639 |   2949 |   4 | 1036.5 |
       Dungeon |   4010 |   3988 |     22 |    639 |   2814 |   3 | 1336.7 |
         Abyss |    136 |    136 |      0 |      0 |    135 |   1 |  136.0 |
               +--------+--------+--------+--------+--------+-----+--------+

Top non-repeatable levels by time:
     D:2: 1939 daAuts
     D:1: 1849 daAuts
     D:3: 222 daAuts
 Abyss:1: 136 daAuts
